 Dungeon Crawl Stone Soup version 0.24.0-7-gb3623d2c88 (webtiles) character file.

Game seed: 12021759276701648116, levelgen mode: deterministic

1605 Baz the Sneak (level 8, -3/38 HPs)
             Began as a Vine Stalker Earth Elementalist on Nov 2, 2019.
             Slain by a killer bee (7 damage)
             ... on level 6 of the Dungeon.
             The game lasted 00:23:57 (7458 turns).

Baz the Sneak (Vine Stalker Earth Elementalist)     Turns: 7458, Time: 00:23:58

Health: -3/38      AC:  3    Str: 10    XL:     8   Next: 94%
Magic:  0/14       EV: 12    Int: 17    God:
Gold:   359        SH:  4    Dex: 16    Spells: 3/13 levels left

rFire    + . .     SeeInvis .   g - +0 dagger
rCold    . . .     Gourm    .   (no shield)
rNeg     . . .     Faith    .   C - +0 leather armour {rF+}
rPois    .         Spirit   +   (no helmet)
rElec    .         Reflect  +   (no cloak)
rCorr    .         Harm     .   (no gloves)
MR       ++...                  (no boots)
Stlth    +++.......             K - +4 amulet of reflection
HPRegen  0.52/turn              F - ring of protection from magic
MPRegen  0.14/turn              (no ring)

@: lethally poisoned (-3 -> -4), hasted, very quick
A: fangs 3, regeneration 1, magic shield, antimagic bite, no potion heal 3, rot
immunity
a: no special abilities


You were on level 6 of the Dungeon.
You were not hungry.

You visited 1 branch of the dungeon, and saw 6 of its levels.

You collected 359 gold pieces.

Inventory:

Hand Weapons
 g - a +0 dagger (weapon)
 l - a +0 hunting sling
Missiles
 z - 79 stones (quivered)
 B - 34 poisoned darts
Armour
 c - a +0 robe
 C - a +0 leather armour of fire resistance (worn)
Jewellery
 A - an uncursed amulet of the acrobat {unknown}
 F - a ring of protection from magic (left hand)
 H - a cursed -4 ring of slaying {unknown}
 K - a +4 amulet of reflection (around neck)
Wands
 b - a wand of iceblast (7)
 s - a wand of random effects (33)
 y - a wand of acid (3)
 E - a wand of flame (27)
Scrolls
 a - 2 scrolls of remove curse
 f - a scroll of magic mapping {unknown}
 h - 2 scrolls of noise {unknown}
 i - 4 scrolls of enchant armour {unknown}
 j - 2 scrolls of fear {unknown}
 p - a scroll of random uselessness {unknown}
 q - 2 scrolls of immolation {unknown}
 t - a scroll of amnesia {unknown}
 u - 3 scrolls of teleportation {unknown}
 x - 3 scrolls of identify {unknown}
 J - a scroll of vulnerability {unknown}
Potions
 e - a potion of heal wounds
 k - 2 potions of haste
 m - 2 potions of curing {unknown}
 n - a potion of magic {unknown}
 o - a potion of cancellation {unknown}
 r - a potion of mutation {unknown}
 v - a potion of flight {unknown}
 w - a potion of brilliance {unknown}
 D - a potion of resistance {unknown}
 G - a potion of ambrosia {unknown}
 I - a potion of might
Comestibles
 d - 6 rations


   Skills:
 + Level 1.7 Fighting
 + Level 4.7 Short Blades
 + Level 1.5 Armour
 - Level 1.5 Dodging
 - Level 5.3 Stealth
 - Level 3.3 Spellcasting
 - Level 4.3 Transmutations
 - Level 5.0 Earth Magic
 + Level 4.2 Evocations


You had 3 spell levels left.
You knew the following spells:

 Your Spells              Type           Power        Failure   Level  Hunger
a - Sandblast             Erth           ###...       2%          1    None
b - Stone Arrow           Conj/Erth      ##....       24%         3    ###....
c - Passwall              Tmut/Erth      ###.....     4%          2    ##.....
d - Petrify               Tmut/Erth      ###.....     32%         4    ####...

Your spell library contained the following spells:

 Spells                   Type           Power        Failure   Level  Hunger
 Sting                    Conj/Pois      #...         22%         1    None
 Poisonous Vapours        Pois/Air       #.....       32%         2    ##.....
 Mephitic Cloud           Conj/Pois/Air  #.......     54%         3    ###....
 Lee's Rapid Deconstruct  Erth           ###.......   61%         5    ######.
 Olgreb's Toxic Radiance  Pois           #.......     91%         4    ####...
 Venom Bolt               Conj/Pois      #.........   99%         5    ######.


Dungeon Overview and Level Annotations

Branches:
Dungeon (6/15)
 Temple: D:4-7

Altars:
Fedhas
Makhleb
Yredelemnul
The Shining One


Innate Abilities, Weirdness & Mutations

You have razor-sharp teeth.
Your natural rate of healing is unusually fast.
When hurt, damage is shared between your health and your magic reserves.
Your bite disrupts and absorbs the magic of your enemies.
Potions cannot restore your health.
You are immune to rotting.


Message History

Press: ? - help, Shift-Dir - straight line, f/p - killer bee
Aim: a killer bee (severely wounded)
The blast of sand hits the killer bee!
You kill the killer bee!
z - 79 stones You feel sick.
The killer bee barely misses you.
It was a potion of heal wounds.
That seemed strangely inert.
You feel sick. The killer bee stings you!
* * * LOW HITPOINT WARNING * * *
The killer bee stings you but does no damage.
It was a potion of haste.
You feel yourself speed up.
You feel sick. The killer bee stings you.
* * * LOW HITPOINT WARNING * * *
You block the killer bee's attack.
Evoke which item? (* to show all) (? for menu, Esc to quit)
Aiming: Corrosive Bolt
Press: ? - help, Shift-Dir - straight line, f - killer bee
Aim: a killer bee The bolt of acid misses the killer bee.
The killer bee stings you!
You die...

## ###### #.
#.[..# #. #.##.#
#< #.##.# #[
#.##.# #.#####.
#.##.# #.......
#!##.# #######.
#@##.############.
#y##..............
#†################
#.# ### #.# ...
... ### ... ###


You could see a killer bee.

Vanquished Creatures
  Menkaure (D:4)
  Edmund (D:4)
  2 sky beasts
  An ogre (D:4)
  A centaur (D:5)
  A water moccasin zombie (D:5)
  A scorpion (D:4)
  A water moccasin skeleton (D:6)
  4 killer bees (D:6)
  A howler monkey (D:3)
  3 crimson imps
  A centaur zombie (D:5)
  2 bullfrog skeletons
  2 hounds
  A jelly (D:4)
  2 orc priests
  An orc wizard (D:5)
  Jessica (D:2)
  4 worker ants
  4 adders
  A shadow imp (D:6)
  2 oozes
  An adder skeleton (D:5)
  5 worms
  4 dart slugs
  4 leopard geckos
  7 orcs
  4 giant cockroaches
  9 goblins
  6 hobgoblins
  9 jackals
  A quokka (D:1)
  2 ball pythons
  7 bats
  4 frilled lizards
  A jackal zombie (D:6)
  5 kobolds
  A leopard gecko zombie (D:5)
  6 rats
114 creatures vanquished.

Notes
Turn   | Place    | Note
-------+----------+-------------------------------------------
     0 | D:1      | Baz the Vine Stalker Earth Elementalist began the quest for
                  | the Orb.
     0 | D:1      | Reached XP level 1. HP: 9/9 MP: 4/4
   183 | D:1      | Reached XP level 2. HP: 9/13 MP: 1/6
   808 | D:1      | Reached XP level 3. HP: 16/16 MP: 7/7
  1059 | D:1      | Learned a level 3 spell: Stone Arrow
  1062 | D:1      | Learned a level 2 spell: Passwall
  2260 | D:2      | Gained mutation: Your natural rate of healing is unusually
                  | fast. [Vine Stalker growth]
  2260 | D:2      | Reached XP level 4. HP: 16/21 MP: 6/9
  2338 | D:2      | Noticed Jessica
  2344 | D:2      | Killed Jessica
  3008 | D:3      | Reached XP level 5. HP: 22/24 MP: 7/10
  3492 | D:4      | Noticed an ogre
  3498 | D:4      | Killed an ogre
  3498 | D:4      | Reached skill level 1 in Short Blades
  3498 | D:4      | Reached skill level 5 in Stealth
  3742 | D:3      | Reached XP level 6. HP: 28/28 MP: 1/12
  3940 | D:4      | Noticed Menkaure
  4059 | D:4      | Learned a level 4 spell: Petrify
  4206 | D:3      | Reached skill level 1 in Evocations
  4340 | D:4      | Noticed Edmund
  4461 | D:4      | Killed Edmund
  4461 | D:4      | Reached XP level 7. HP: 32/32 MP: 8/13
  4938 | D:5      | Entered Level 5 of the Dungeon
  4992 | D:4      | Reached skill level 5 in Earth Magic
  5334 | D:5      | Found a blossoming altar of Fedhas.
  5334 | D:5      | Found a glowing golden altar of the Shining One.
  5588 | D:5      | Gained mutation: You have razor-sharp teeth. [Vine Stalker
                  | growth]
  5588 | D:5      | Reached XP level 8. HP: 19/36 MP: 11/14
  5917 | D:4      | Killed Menkaure
  7016 | D:6      | Reached skill level 1 in Fighting
  7075 | D:6      | Found a burning altar of Makhleb.
  7075 | D:6      | Found a basalt altar of Yredelemnul.
  7183 | D:6      | Reached skill level 1 in Armour
  7458 | D:6      | Slain by a killer bee

Levels and vault maps discovered:
D:1:      dpeg_arrival_oval, layout_loops_ring
D:2:      layout_basic, uniq_jessica
D:3:      layout_basic, first_ration
D:4:      layout_rooms, uniq_menkaure, uniq_edmund
D:5:      layout_cave_pools, grunt_temple_overflow_open
D:6:      layout_loops_ring, gammafunk_temple_overflow_wave

Skill      XL: |  1  2  3  4  5  6  7  8 |
---------------+-------------------------+-----
Stealth        | 3 4 5 |  5.3
Earth Magic    | 4 5 |  5.0
Spellcasting   | 3 |  3.3
Short Blades   | 1 2 3 4 |  4.7
Evocations     | 1 2 4 |  4.2
Transmutations | 2 3 4 |  4.3
Fighting       | 1 |  1.7
Armour         | 1 |  1.5
Dodging        | |  1.5

Action                   |  1- 3 |  4- 6 |  7- 9 || total
-------------------------+-------+-------+-------++-------
Melee: Dagger            |   103 |   117 |   228 ||   448
       Bite              |    29 |    27 |    61 ||   117
 Cast: Sandblast         |    31 |    19 |    34 ||    84
       Stone Arrow       |       |     4 |    28 ||    32
       Petrify           |       |     1 |       ||     1
Evoke: Wand              |       |       |     4 ||     4
  Use: Potion            |       |     1 |     2 ||     3
       Scroll            |       |       |     1 ||     1
 Stab: Sleeping          |     3 |     5 |     3 ||    11
       Petrified         |       |     3 |       ||     3
       Distracted        |       |     2 |     1 ||     3
  Eat: Chunk             |     5 |     3 |     7 ||    15
       Ration            |       |     1 |     2 ||     3
Armor: Robe              |    24 |    11 |     2 ||    37
       Leather armour    |       |       |    29 ||    29
Dodge: Dodged            |    91 |    69 |   145 ||   305
Block: Other             |       |       |     2 ||     2
